 Dungeon Crawl Stone Soup version 0.31-a0-1074-g0b22e4e0f1 (webtiles) character file.

Game seed: 15151801250716182668

1934 timneilson the Ruffian (level 9, -7/61 HPs)
             Began as an Octopode Shapeshifter on Dec 2, 2023.
             Was an Initiate of Gozag.
             Splashed by a jelly's acid (9 damage)
             ... on level 6 of the Dungeon.
             The game lasted 00:10:59 (6114 turns).

timneilson the Ruffian (Octopode Shapeshifter)      Turns: 6114, Time: 00:11:00

Health: -7/61      AC: -15   Str: 17    XL:     9   Next: 17%
Magic:  9/9        EV: 14    Int: 13    God:    Gozag
Gold:   708        SH:  0    Dex: 11    Spells: 8/8 levels left

rFire   . .          .
                       - Unarmed
rCold   . . .        (no shield)
rNeg    . . .        (helmet currently unavailable)
rPois   .            (no amulet)
rElec   .            (no ring)
rCorr   .            (no ring)
SInv    .            (no ring)
Will    .....        (no ring)
Stlth   ++++         (no ring)
HPRegen 0.30/turn    (no ring)
MPRegen 0.11/turn    (no ring)
                     (no ring)

%: no passive effects
@: beast-form, corroded, hasted, very quick
A: beast (slay +3), almost no armour, amphibious, 8 rings, camouflage 1,
gelatinous body 1, (nimble swimmer 1), tentacles
a: Begin Untransformation, Renounce Religion, Potion Petition, Call Merchant,
Bribe Branch


You were on level 6 of the Dungeon.
You worshipped Gozag.
Gozag was pleased with you.
You were a hulking beast.
You visited 1 branch of the dungeon, and saw 6 of its levels.
You also visited: Sewer and Ossuary.

You collected 766 gold pieces.
You paid 58 gold pieces to Gozag.

Inventory:

Jewellery
 d - a ring of wizardry
Talismans
 b - a beast talisman
 c - a flux talisman
Wands
 g - a wand of roots (10)
 m - a wand of flame (8)
Scrolls
 e - 2 scrolls of enchant armour
 f - a scroll of poison
 q - a scroll of immolation
Potions
 a - 2 potions of lignification
 i - a potion of haste
 j - 3 potions of enlightenment
 k - 2 potions of attraction
 l - 4 potions of curing
 n - 2 potions of invisibility {unknown}
 o - a potion of ambrosia {unknown}
 p - a potion of cancellation {unknown}
 r - 2 potions of brilliance {unknown}


   Skills:
 * Level 5.2 Fighting
 * Level 5.4 Dodging
 + Level 5.2 Stealth
 * Level 6.1 Unarmed Combat
 + Level 3.4 Evocations
 * Level 5.5 Shapeshifting


You had 8 spell levels left.
You didn't know any spells.
Your spell library contained the following spells:

 Spells                   Type           Power      Damage    Failure   Level
 Call Canine Familiar     Summ           0%         N/A       67%         3
 Sigil of Binding         Hex            0%         N/A       67%         3
 Dimensional Bullseye     Hex/Tloc       0%         N/A       97%         4
 Leda's Liquefaction      Hex/Erth       0%         N/A       97%         4


Dungeon Overview and Level Annotations

Branches:
Dungeon (6/15)              Sewer (visited)         Ossuary (visited)
 Temple: D:4-7

Altars:
Gozag
Makhleb
Vehumet
Zin

Shops:
D:5 :   D:6 [


Innate Abilities, Weirdness & Mutations

You are a hulking beast.
Your limbs bulge with bestial killing power. (Slay +3)
You cannot wear most types of armour.
You are amphibious.
You can wear up to eight rings at the same time.
Your skin changes colour to match your surroundings (Stealth+).
Your rubbery body absorbs attacks. (AC +1, EV +1)
((You are camouflaged when in or above water. (Stealth+)))
You have tentacles for arms and can constrict up to eight enemies at once.


Message History

The jelly hits you.
You are splashed with acid!
You tentacle-slap the jelly but do no damage.
Your tentacles burn!
You squeeze the jelly.
The jelly is heavily wounded.
The jelly misses you.
You tentacle-slap the jelly but do no damage.
Your tentacles burn!
The jelly is heavily wounded.
The jelly hits you. The acid corrodes you!
You are splashed with acid!
* * * LOW HITPOINT WARNING * * *
You feel much better. The jelly hits you.
You are splashed with acid!
You tentacle-slap the jelly.
Your tentacles burn!
You squeeze the jelly, but do no damage.
The jelly is heavily wounded.
The jelly misses you.
You tentacle-slap the jelly but do no damage.
The acid corrodes you!
Your tentacles burn!
The jelly is heavily wounded.
The jelly misses you.
You tentacle-slap the jelly but do no damage.
Your tentacles burn!
The jelly is heavily wounded.
The jelly barely misses you.
You tentacle-slap the jelly but do no damage.
Your tentacles burn!
The jelly is heavily wounded.
You tentacle-slap the jelly.
Your tentacles burn!
* * * LOW HITPOINT WARNING * * *
You squeeze the jelly, but do no damage.
The jelly is severely wounded.
The jelly hits you.
* * * LOW HITPOINT WARNING * * *
You are splashed with acid!
* * * LOW HITPOINT WARNING * * *
Okay, then.
You feel yourself speed up. The jelly hits you.
* * * LOW HITPOINT WARNING * * *
You are splashed with acid!
You die...
Your body crumbles into a pile of gold.

....# #....# ....+ #....# ....#
#....#
<.O.###########....#..##..##..
...................#....(.....
...................#.........
####......<........#..##....
#...............#..##..# #+##
...############.h..#...#..##.....
..... +..J.#.8.....+..... ....
#....'.......#..... ...###
####....#...>......... .....#
#....#'##.......$..... .....+
#....#........∩....... .....#
#....+.>.......$......
.....#######....#....##....<.....
................#....###.........


You could see a jelly.

Vanquished Creatures
  Grinder (D:3)
  Eustachio (D:6)
  A steam dragon (D:6)
  A sky beast (D:5)
  An orc warrior (D:4)
  A black bear (D:6)
  An ogre (D:6)
  A phantom (D:4)
  2 elf zombies (Ossuary)
  Blork the orc (D:5)
  2 bullfrogs (D:6)
  2 scorpions (D:5)
  A centaur zombie (Ossuary)
  A human zombie (Ossuary)
  4 jellies
  An orc priest (D:5)
  A sleepcap (D:5)
  An orc wizard (D:4)
  An iguana (D:4)
  2 mummies (Ossuary)
  9 adders
  2 river rats (Sewer)
  2 white imps (D:5)
  3 worms
  2 dart slugs
  18 orcs
  12 ball pythons
  2 endoplasms
  3 giant cockroaches
  A gnoll zombie (Ossuary)
  6 hobgoblins
  5 jackals
  5 quokkas
  6 bats
  8 frilled lizards
  5 goblins
  A goblin zombie (Ossuary)
  5 hobgoblin zombies (Ossuary)
  14 kobolds
  3 orc zombies (Ossuary)
  5 rats
144 creatures vanquished.

Notes
Turn   | Place    | Note
-------+----------+-------------------------------------------
     0 | D:1      | timneilson the Octopode Shapeshifter began the quest for
                  | the Orb.
     0 | D:1      | Reached XP level 1. HP: 13/13 MP: 1/1
   144 | D:1      | Reached XP level 2. HP: 18/18 MP: 2/2
   292 | D:1      | Reached skill level 1 in Stealth
   506 | D:1      | Reached XP level 3. HP: 21/23 MP: 3/3
  1451 | D:2      | Reached XP level 4. HP: 29/29 MP: 4/4
  1828 | D:3      | Noticed Grinder
  1843 | D:3      | Killed Grinder
  1844 | D:3      | Reached skill level 4 in Unarmed Combat
  1844 | D:3      | Reached skill level 1 in Evocations
  1844 | D:3      | Reached XP level 5. HP: 5/36 MP: 5/5
  1844 | D:3      | Reached XP level 6. HP: 5/41 MP: 6/6
  2604 | D:4      | Found a glowing drain.
  2627 | Sewer    | Entered a sewer
  3270 | D:4      | Reached XP level 7. HP: 14/46 MP: 7/7
  3669 | D:4      | Found a burning altar of Makhleb.
  3671 | D:4      | Found a glowing silver altar of Zin.
  3671 | D:4      | Noticed an angel
  3672 | D:4      | Noticed a blizzard demon
  4064 | D:4      | Found an opulent altar of Gozag.
  4064 | D:4      | Found a radiant altar of Vehumet.
  4068 | D:4      | Became a worshipper of Gozag Ym Sagoz the Greedy
  4217 | D:5      | Entered Level 5 of the Dungeon
  4257 | D:5      | Found Igumm's Self-Improvement Boutique.
  4309 | D:5      | Noticed Blork the orc
  4319 | D:5      | Killed Blork the orc
  4547 | D:5      | Reached XP level 8. HP: 54/54 MP: 8/8
  4552 | D:5      | Reached skill level 5 in Unarmed Combat
  5416 | D:6      | Noticed Eustachio
  5489 | D:6      | Found a sand-covered staircase.
  5496 | Ossuary  | Entered an ossuary
  5518 | Ossuary  | Reached skill level 5 in Shapeshifting
  5661 | Ossuary  | Reached skill level 5 in Dodging
  5930 | D:6      | Reached skill level 5 in Fighting
  5930 | D:6      | Reached XP level 9. HP: 49/61 MP: 9/9
  5942 | D:6      | Found Jemiome's Armour Shop.
  5956 | D:6      | Killed Eustachio
  5957 | D:6      | Reached skill level 5 in Stealth
  5957 | D:6      | Reached skill level 6 in Unarmed Combat
  6113 | D:6      | HP: 3/61 [acid (10)]
  6114 | D:6      | Splashed by a jelly's acid

Illustrated notes

Levels and vault maps discovered:
D:1:      wheals_arrival_linesprint, layout_basic,
          minmay_misc_feat_four_crosses, st_stairs_4, reono_crystal_passage,
          minmay_misc_feat_tower
D:2:      minmay_chambers_of_twos, layout_rooms, hangedman_decor_growths
D:3:      layout_rooms, uniq_grinder
D:4:      layout_cave_pods, grunt_temple_overflow_order_and_chaos_2,
          gammafunk_temple_overflow_wave, portal_sewer_entry_f
D:5:      layout_loops_cross, nicolae_shop_self_help, uniq_blork_the_orc
D:6:      layout_gridville, serial_shops, nicolae_stop_n_shop_1,
          chequers_ossuary_entry_cave, chequers_decorated_corner, uniq_eustachio

Skill      XL: |  1  2  3  4  5  6  7  8  9 |
---------------+----------------------------+-----
Stealth        | 1 2 3 4 5 |  5.2
Fighting       | 2 3 5 |  5.2
Dodging        | 3 4 5 |  5.4
Unarmed Combat | 4 5 6 |  6.1
Evocations     | 1 2 3 |  3.4
Shapeshifting  | 4 5 |  5.5

Action                     |  1- 3 |  4- 6 |  7- 9 || total
---------------------------+-------+-------+-------++-------
  Melee: Unarmed           |    56 |   153 |   151 ||   360
         Constrict         |    13 |    39 |    32 ||    84
         Tentacles         |    11 |    31 |    44 ||    86
         Punch             |     1 |     3 |    10 ||    14
    Use: Scroll            |     3 |     6 |     4 ||    13
         Potion            |       |       |     4 ||     4
   Stab: Sleeping          |     7 |     9 |     2 ||    18
         Distracted        |       |     1 |       ||     1
 Armour: Skin              |    13 |    48 |    64 ||   125
  Dodge: Dodged            |    27 |    66 |    69 ||   162

Table legend: (Time is in decaauts)
 A = Elapsed time spent in this place.
 B = Non-inter-level travel time spent in this place.
 C = Inter-level travel time spent in this place.
 D = Time resting spent in this place.
 E = Time spent auto-exploring this place.
 F = Levels seen in this place.
 G = Mean time per level.
                   A        B        C        D        E       F      G
               +--------+--------+--------+--------+--------+-----+--------+
         Total |   6083 |   5873 |    210 |    898 |   3530 |   8 |  760.4 |
       Dungeon |   5113 |   4903 |    210 |    760 |   3025 |   6 |  852.2 |
         Sewer |    604 |    604 |      0 |      0 |    421 |   1 |  604.0 |
       Ossuary |    364 |    364 |      0 |    138 |     84 |   1 |  364.0 |
               +--------+--------+--------+--------+--------+-----+--------+

Top non-repeatable levels by time:
     D:5: 1347 daAuts
     D:4: 1163 daAuts
     D:1: 937 daAuts
     D:3: 914 daAuts
   Sewer: 604 daAuts
     D:2: 579 daAuts
 Ossuary: 364 daAuts
     D:6: 173 daAuts
